 Dungeon Crawl Stone Soup version 0.27.1-1-g398f81649c (webtiles) character file.

Game seed: 2346685666820985223

1 Descartes the Changer (level 1, 0/9 HPs)
             Began as a Spriggan Wanderer on Sept 15, 2021.
             Slain by a bat (1 damage)
             ... on level 1 of the Dungeon.
             The game lasted 00:01:11 (54 turns).

Descartes the Changer (Spriggan Wanderer)             Turns: 54, Time: 00:01:12

Health: 0/9        AC:  2    Str:  9    XL:     1   Next: 16%
Magic:  4/5        EV: 15    Int: 11    God:
Gold:   0          SH:  0    Dex: 15    Spells: 4/5 levels left

rFire    . . .     SeeInvis +   a - +0 dagger
rCold    . . .     Faith    .   (shield restricted)
rNeg     . . .     Spirit   .   b - +0 robe
rPois    .         Reflect  .   (helmet restricted)
rElec    .         Harm     .   (no cloak)
rCorr    .         Rampage  .   (gloves unavailable)
Will     .....                  (boots unavailable)
Stlth    ++........             (no amulet)
HPRegen  0.03/turn              (no ring)
MPRegen  0.09/turn              (no ring)

@: very quick
A: very small, no large weapons, unfitting armour, see invisible, speed 3
a: no special abilities


You were on level 1 of the Dungeon.
You visited 1 branch of the dungeon, and saw 1 of its levels.

Inventory:

Hand Weapons
 a - a +0 dagger (weapon)
Armour
 b - a +0 robe (worn)
Potions
 c - a potion of curing


   Skills:
 + Level 0.1 Short Blades
 + Level 0.1 Dodging
 + Level 1.6 Stealth
 - Level 2.6 Spellcasting
 + Level 2.2 Conjurations
 - Level 1.5 Translocations
 - Level 2.6 Transmutations
 - Level 1.3 Evocations


You had 4 spell levels left.
You knew the following spells:

 Your Spells              Type           Power      Damage    Failure   Level
a - Magic Dart            Conj           24%        1d4       11%         1

Your spell library contained the following spells:

 Spells                   Type           Power      Damage    Failure   Level
 Searing Ray              Conj           12%        3d3       17%         2
 Freeze                   Ice            4%         1d3       26%         1
 Dazzling Flash           Conj/Hex       6%         N/A       45%         3
 Ozocubu's Armour         Ice            1%         N/A       63%         3
 Iskenderun's Mystic Bla  Conj/Tloc      5%         2d3       77%         4
 Fulminant Prism          Conj/Hex       1%         3d6       86%         4


Dungeon Overview and Level Annotations

Branches:
Dungeon (1/15)

Altars:


Innate Abilities, Weirdness & Mutations

You are very small and have problems with some larger weapons.
You are too small for most types of armour.
You have supernaturally acute eyesight. (SInv)
You cover ground extremely quickly. (Speed+++)


Message History

A bat and a hobgoblin come into view.
A bat and a goblin come into view.
Found a robe.
The goblin shouts!
The hobgoblin shouts!
The bat hits you.
You hit the bat.
The bat is moderately wounded.
The bat hits you.
You hit the bat.
The bat is heavily wounded.
The bat hits you but does no damage. The goblin closely misses you.
The bat barely misses you. The goblin hits you with a +0 club.
You hit the bat.
You kill the bat!
Casting: Magic Dart (safe; 11% risk of failure)
Confirm with . or Enter, or press ? or * to list all spells.
Aiming: Magic Dart (safe; 11% risk of failure)
Press: ? - help, Shift-Dir - straight line, f - hobgoblin
Aim: a hobgoblin (100% to hit)
The magic dart hits the hobgoblin.
The hobgoblin is moderately wounded.
The hobgoblin hits you.
* * * LOW HITPOINT WARNING * * *
Casting: Magic Dart (safe; 11% risk of failure)
Confirm with . or Enter, or press ? or * to list all spells.
Aiming: Magic Dart (safe; 11% risk of failure)
Press: ? - help, Shift-Dir - straight line, f/p - hobgoblin
Aim: a hobgoblin (moderately wounded, 100% to hit)
The magic dart hits the hobgoblin.
The hobgoblin is heavily wounded.
You hit the bat but do no damage. The bat hits you but does no damage. x2
You completely miss the bat. The bat barely misses you.
The bat hits you but does no damage. The bat hits you.
* * * LOW HITPOINT WARNING * * *
You hit the bat but do no damage. The bat completely misses you.
The bat hits you but does no damage.
Found a stone staircase leading down.
The bat closely misses you. The bat hits you.
You die...

## # # .# ##. .# .#
#.##. .
.....########
#.#...........#
#.#.###..#[##.###.#
#..........@b.....#
###†###..#.##.#####
######.###..####.#
#...........gg...#
#.################
#.# #.#### #....#
#.##.#


You could see a bat.

Vanquished Creatures
  A bat (D:1)
1 creature vanquished.

Notes
Turn   | Place    | Note
-------+----------+-------------------------------------------
     0 | D:1      | Descartes the Spriggan Wanderer began the quest for the
                  | Orb.
     0 | D:1      | Descartes set off with the following items: a +0 dagger, a
                  | +0 robe, a potion of curing; and the following spells
                  | available to memorise: Magic Dart, Searing Ray, Freeze,
                  | Dazzling Flash, Ozocubu's Armour, Iskenderun's Mystic
                  | Blast, Fulminant Prism
     0 | D:1      | Reached XP level 1. HP: 9/9 MP: 5/5
     2 | D:1      | Learned a level 1 spell: Magic Dart
    54 | D:1      | Slain by a bat

Illustrated notes

Levels and vault maps discovered:
D:1:      tarquinn_simple_flora_water_f, layout_loops_cross,
          minmay_crystal_water

Action                   || total
-------------------------++-------
Melee: Dagger            ||     6
 Cast: Magic Dart        ||     2
Armor: Robe              ||     5
Dodge: Dodged            ||     5
